AoeStats
← Papà di Jim

Arena

510188882Analyzed
4v4 RM · 3d ago on Sep 29, 2026· 56m 59s· 8 players
Game mode
Random Map
Map size
Large (8 player)
Population
200
Speed
Normal
Resources
Standard
Victory
Conquest
Starting age
Dark Age
Ending age
Imperial Age
RankedLock teamsTeams togetherTeam positionsShared explorationLock speedFull tech treeHidden civsTurbo modeCheats
Victory
Defeat
🇧🇷 Khmer · Brazil
805
+18
🇷🇺 Varangians · Russia
798
+18
🇨🇳 Turks · China
789
+19
🇧🇷 Teutons · Brazil
780
+19
🇮🇹 Teutons · Italy
885
-21
🇮🇹 Italians · Italy
871
-19
🇨🇿 Mongols · Czechia
839
-18
🇮🇹 Lithuanians · Italy
787
-16
paveles_czk
9:23 Loom
11:08 Feudal Age
15:58 Castle Age
14:10 Horse Collar
14:19 Double-Bit Axe
14:51 Gold Mining
20:35 Bow Saw
20:35 Stone Mining
23:05 Pikeman
24:51 Wheelbarrow
25:21 Stone Shaft Mining
28:12 Heavy Plow
28:21 Fletching
28:44 Forging
31:11 Imperial Age
28:56 Forging
29:37 Gold Shaft Mining
30:22 Ballistics
30:53 Masonry
32:13 Bodkin Arrow
32:19 Padded Archer Armor
34:23 Thumb Ring
35:32 Conscription
36:05 Hand Cart
35:59 Elite Skirmisher
36:55 Bracer
37:10 Leather Archer Armor
39:54 Chemistry
40:50 Parthian Tactics
40:53 Heavy Cavalry Archer
42:19 Scale Barding Armor
43:37 Onager
45:27 Siege Onager
47:04 Husbandry
47:15 Bloodlines
47:55 Heavy Scorpion
49:50 Siege Engineers
51:17 Fortified Wall
51:03 Murder Holes
51:54 Iron Casting
51:40 Chain Barding Armor
54:02 Hoardings
rusalco
10:54 Feudal Age
9:14 Loom
14:14 Double-Bit Axe
14:11 Horse Collar
18:22 Castle Age
18:41 Stone Mining
18:41 Gold Mining
22:56 Wheelbarrow
27:04 Hand Cart
32:23 Imperial Age
31:48 Elite Skirmisher
33:39 Ballistics
33:51 Conscription
35:05 Chemistry
35:54 Fletching
36:05 Padded Archer Armor
37:30 Elite Leitis
40:45 Bodkin Arrow
41:06 Leather Archer Armor
41:02 Forging
40:57 Scale Barding Armor
40:16 Light Cavalry
41:07 Bloodlines
40:58 Husbandry
43:24 Bracer
45:18 Fortified Wall
44:51 Winged Hussar
giangiacomo91
11:36 Feudal Age
12:41 Double-Bit Axe
15:25 Castle Age
16:50 Loom
22:05 Horse Collar
24:07 Fletching
25:13 Wheelbarrow
26:55 Bodkin Arrow
30:43 Imperial Age
30:07 Ballistics
29:44 Murder Holes
29:44 Elite Skirmisher
31:02 Hand Cart
31:01 Town Watch
31:56 Padded Archer Armor
32:59 Chemistry
32:58 Bracer
33:54 Conscription
34:17 Bloodlines
34:40 Forging
34:36 Scale Barding Armor
34:53 Masonry
35:37 Hoardings
36:38 Cavalier
40:28 Iron Casting
41:17 Husbandry
48:00 Chain Barding Armor
48:41 Blast Furnace
48:21 Light Cavalry
Papà di Jim
4:57 Loom
11:53 Feudal Age
13:09 Wheelbarrow
12:24 Double-Bit Axe
12:21 Horse Collar
19:08 Castle Age
18:41 Fletching
19:25 Forging
19:10 Gold Mining
21:04 Town Watch
21:38 Pikeman
22:18 Squires
22:18 Bodkin Arrow
22:40 Bow Saw
24:06 Heavy Plow
30:11 Iron Casting
29:42 Scale Barding Armor
32:47 Elite Skirmisher
34:03 Padded Archer Armor
Sardinha
12:39 Feudal Age
16:21 Castle Age
14:37 Double-Bit Axe
14:33 Horse Collar
14:47 Stone Mining
16:22 Wheelbarrow
17:32 Bow Saw
17:38 Heavy Plow
23:12 Stone Shaft Mining
22:31 Gold Mining
24:29 Gold Shaft Mining
26:59 Bloodlines
26:09 Light Cavalry
26:53 Husbandry
30:47 Murder Holes
31:13 Ballistics
31:07 Forging
34:18 Imperial Age
32:05 Hand Cart
31:38 Loom
33:43 Iron Casting
33:14 Scale Barding Armor
33:09 Padded Archer Armor
33:28 Fortified Wall
33:50 Tusk Swords
34:27 Town Watch
35:19 Conscription
35:01 Double Crossbow
35:24 Town Patrol
36:44 Elite Ballista Elephant
39:45 Chemistry
38:51 Siege Engineers
39:09 Leather Archer Armor
40:45 Caravan
47:43 Bloodlines
46:55 Light Cavalry
47:31 Hussar
Mikro
12:01 Feudal Age
16:19 Castle Age
14:14 Double-Bit Axe
14:12 Horse Collar
14:48 Gold Mining
16:12 Stone Mining
17:50 Wheelbarrow
17:29 Bow Saw
17:35 Heavy Plow
24:09 Stone Shaft Mining
24:34 Hand Cart
26:28 Caravan
32:08 Imperial Age
29:24 Loom
29:25 Town Watch
29:57 Forging
29:48 Scale Mail Armor
29:38 Fletching
31:40 Ironclad
31:45 Fervor
31:56 Sanctity
31:36 Devotion
31:58 Town Patrol
32:35 Iron Casting
32:15 Chain Mail Armor
32:17 Masonry
32:18 Fortified Wall
32:30 Ballistics
32:58 Chain Mail Armor
32:38 Bodkin Arrow
33:11 Arson
33:26 Squires
33:11 Gambesons
35:08 Blast Furnace
34:03 Bodkin Arrow
34:18 Siege Engineers
34:31 Guilds
34:52 Conscription
35:11 Crop Rotation
35:47 Two-Man Saw
36:44 Plate Mail Armor
37:16 Chemistry
36:52 Elite Teutonic Knight
37:57 Crenellations
37:31 Heavy Scorpion
38:29 Arrowslits
39:04 Bombard Tower
39:24 Bombard Tower
39:44 Hoardings
41:53 Faith
43:16 Redemption
43:15 Atonement
43:40 Illumination
43:30 Block Printing
43:37 Heresy
43:52 Theocracy
48:57 Onager
猫神TRACK
11:33 Feudal Age
15:46 Castle Age
15:55 Double-Bit Axe
16:33 Gold Mining
16:32 Horse Collar
23:51 Imperial Age
21:52 Bow Saw
21:46 Heavy Plow
22:51 Gold Shaft Mining
24:11 Wheelbarrow
29:23 Hand Cart
28:54 Town Watch
28:55 Loom
30:39 Padded Archer Armor
33:36 Two-Man Saw
32:30 Stone Mining
32:44 Town Patrol
34:23 Leather Archer Armor
41:34 Ring Archer Armor
43:39 Fletching
43:59 Forging
43:49 Scale Mail Armor
43:55 Scale Barding Armor
49:35 Heavy Scorpion
49:36 Capped Ram
56:17 Conscription
56:33 Hoardings
55:28 Sappers
55:19 Elite Janissary
56:19 Sipahi
56:00 Artillery
56:12 Masonry
55:42 Treadmill Crane
55:53 Heated Shot
56:23 Ballistics
56:23 Bombard Tower
55:50 Arrowslits
55:55 Guard Tower
56:16 Fortified Wall
56:01 Murder Holes
57:46 Architecture
57:12 Murder Holes
57:27 Fortified Wall
57:08 Guard Tower
57:04 Arrowslits
56:50 Spies/Treason
57:00 Sappers
57:30 Artillery
57:51 Sipahi
56:51 Elite Janissary
Segey_Raven
9:54 Feudal Age
13:18 Double-Bit Axe
15:38 Castle Age
14:08 Loom
14:15 Horse Collar
16:44 Bow Saw
19:10 Wheelbarrow
19:07 Fervor
26:58 Hand Cart
28:09 Town Watch
31:45 Caravan
35:26 Imperial Age
33:07 Gold Mining
35:50 Squires
36:08 Forging
35:58 Scale Mail Armor
35:45 Capped Ram
36:10 Elite Varangian Guard
37:53 Iron Casting
37:29 Gothikon
38:37 Conscription
38:51 Chain Mail Armor
40:19 Blast Furnace
39:09 Arson
39:58 Siege Ram
44:12 Plate Mail Armor
47:44 Scale Barding Armor
47:45 Heavy Plow
Connection lost

Rejoining the realm…

Still unreachable

The connection could not be restored.

Session expired

The server has moved on; the page needs a fresh start.